Map: Port Aleksander LE

Players

firefly

  • Race: Protoss Protoss
  • League: Gold
  • Spawn Location: 11:00

Probe - Winner!

  • Race: Protoss Protoss
  • Spawn Location: 5:00

Event: 2019 WCS Winter Americas

VOD

Have the link to the VOD?

Description

Time

  • Played on: Feb. 15, 2019, 3:47 p.m.
  • Length: 7:56
Show
View Real Time Build Order
Export as new Build Order

firefly Protoss 

Build Orders: Oracle Opening 

Get SALT Encoding   

  12  0:01  Probe  
  13  0:13  Probe  
  14  0:18  Pylon  
  14  0:25  Probe  
  15  0:35  Probe  
  15  0:36  Gateway  
  16  0:43  Probe  
  17  0:50  Assimilator  
  17  0:53  Probe  
  18  0:58  Assimilator  
  18  1:05  Probe  
  19  1:12  Gateway  
  19  1:17  Probe  
  20  1:26  Cybernetics Core  
  20  1:28  Probe  
  21  1:36  Probe, Pylon  
  21  1:45  Probe  
  23  2:04  Stargate  
  23  2:09  Adept x2  
  27  2:19  Warp Gate  
  27  2:20  Pylon  
  28  2:40  Oracle  
  30  2:57  Stalker  
  32  3:01  Pylon  
  32  3:04  Stalker  
  34  3:10  Pylon  
  34  3:23  Oracle  
  33  3:27  Shield Battery  
  32  3:38  Probe  
  22  3:50  Probe  
  23  4:02  Probe  
  20  4:10  Probe  
  20  4:18  Probe  
  20  4:21  Phoenix  
  23  4:29  Probe  
  19  4:41  Probe  
  19  4:53  Probe  
  19  4:55  Twilight Council  
  20  5:05  Probe  
  21  5:20  Probe  
  22  5:32  Probe, Dark Shrine  
  23  5:41  Probe  
  23  5:49  Probe  
  25  6:00  Probe  
  26  6:05  Robotics Facility  
  26  6:12  Probe  
  27  6:24  Probe  
  28  6:44  Dark Templar x2  
  34  7:02  Gateway  
  30  7:17  Dark Templar  
  17  7:35  Dark Templar  
Show
View Real Time Build Order
Export as new Build Order

Probe Protoss - Winner!

Build Orders: Oracle Opening 

Get SALT Encoding   

  12  0:00  Probe  
  13  0:12  Probe  
  14  0:18  Pylon  
  14  0:24  Probe  
  15  0:32  Probe  
  15  0:38  Gateway  
  15  0:40  Probe  
  16  0:47  Assimilator  
  17  0:51  Probe  
  17  0:56  Assimilator  
  18  0:59  Probe  
  19  1:07  Probe  
  20  1:15  Gateway  
  20  1:17  Probe  
  21  1:26  Cybernetics Core  
  21  1:29  Probe  
  22  1:37  Pylon  
  22  1:41  Probe  
  23  1:55  Probe  
  24  2:03  Stargate  
  24  2:05  Adept  
  24  2:08  Adept  
  28  2:14  Pylon  
  28  2:17  Probe  
  28  2:20  Warp Gate  
  29  2:35  Stalker  
  29  2:36  Probe  
  32  2:40  Oracle  
  35  2:55  Probe, Pylon  
  36  3:08  Probe  
  37  3:17  Oracle  
  34  3:28  Probe  
  33  3:36  Probe  
  34  3:45  Probe  
  26  3:55  Probe  
  24  4:07  Probe  
  25  4:11  Stalker  
  25  4:17  Stalker, Probe  
  30  4:25  Probe  
  29  4:34  Probe  
  30  4:46  Probe  
  30  4:51  Twilight Council  
  31  4:58  Probe  
  29  5:02  Stalker  
  31  5:07  Blink  
  31  5:10  Probe  
  32  5:22  Probe  
  33  5:30  Stalker  
  33  5:34  Probe  
  36  5:38  Stalker  
  38  5:47  Probe  
  39  5:56  Stalker  
  41  6:02  Stalker  
  43  6:06  Pylon  
  43  6:21  Stalker  
  45  6:29  Stalker  
  47  6:35  Shield Battery  
  47  6:50  Robotics Facility  
  47  6:51  Pylon  
  47  6:56  Sentry  
  47  7:01  Zealot  
  47  7:23  Sentry  
  47  7:31  Observer  
  45  7:41  Zealot  
  48  7:47  Pylon  
  48  7:48  Pylon  
  48  7:51  Stalker  
Tags
 
Add a new tag
Caveats
  • Supply blocks, unpowered buildings, or Contaminate may cause inaccurate times.
  • Supply counts are checked every 10 seconds.